 Dungeon Sprint DCSS version 0.27-a0-1202-ge72e49191c (webtiles) character file.

Game seed: 1178609047030982274

1465 mhtbhm the Thaumaturge (level 8, -3/43 HPs)
             Began as a Deep Elf Earth Elementalist on June 2, 2021.
             Was a High Priest of Vehumet.
             Killed from afar by a guardian serpent (26 damage)
             ... with a bolt of poison
             ... in the Dungeon (Sprint VII: "The Pits").
             The game lasted 00:02:54 (1360 turns).

mhtbhm the Thaumaturge (DEEE)                       Turns: 1360, Time: 00:02:55

Health: -3/43      AC:  2    Str:  5    XL:     8   Next: 48%
Magic:  23/28      EV: 15    Int: 23    God:    Vehumet [*****.]
Gold:   0          SH:  0    Dex: 15    Spells: 17/36 levels left

rFire    . . .     SeeInvis .   e - +0 dagger (drain)
rCold    . . .     Faith    .   (no shield)
rNeg     . . .     Spirit   .   c - +0 robe
rPois    .         Reflect  .   (no helmet)
rElec    .         Harm     .   (no cloak)
rCorr    .         Rampage  .   (no gloves)
Will     .....     NoTele   +   (no boots)
Stlth    +++.......             (no amulet)
HPRegen  0.14/turn              (no ring)
MPRegen  0.21/turn              (no ring)

@: lethally poisoned (-3 -> -19)
A: no striking features
a: Renounce Religion


You were in the Dungeon.
You worshipped Vehumet.
Vehumet was extremely pleased with you.
You visited 1 branch

Inventory:

Hand Weapons
 e - a +0 dagger of draining (weapon)
Missiles
 b - 14 stones
Armour
 c - a +0 robe (worn)
Scrolls
 i - a scroll of blinking
 j - 5 scrolls of amnesia
 k - a scroll of summoning
Potions
 a - 2 potions of invisibility
 d - 6 potions of curing
 f - 5 potions of heal wounds
 g - 4 potions of magic
 h - 3 potions of berserk rage


   Skills:
 + Level 1.5 Fighting
 + Level 1.5 Staves
 + Level 6.1 Dodging
 + Level 6.0 Stealth
 + Level 14.6 Spellcasting
 + Level 1.4 Transmutations
 + Level 14.2 Earth Magic


You had 17 spell levels left.
You knew the following spells:

 Your Spells              Type           Power      Damage    Failure   Level
a - Sandblast             Erth           100%       2d20      0%          1
b - Passwall              Tmut/Erth      43%        N/A       1%          2
c - Stone Arrow           Conj/Erth      98%        3d13      1%          3
d - Lee's Rapid Deconstr  Erth           35%        3d19*     1%          5
e - Petrify               Tmut/Erth      52%        N/A       1%          4
f - Sticky Flame          Conj/Fire      16%        2d4       10%         4

Your spell library contained the following spells:

 Spells                   Type           Power      Damage    Failure   Level
 Iron Shot                Conj/Erth      24%        9d5       8%          6


Dungeon Overview and Level Annotations

Branches:
Dungeon (1/1)

Altars:
Ashenzari
Cheibriados
Dithmenos
Elyvilon
Fedhas
Gozag
Hepliaklqana
Kikubaaqudgha
Makhleb
Nemelex Xobeh
Okawaru
Qazlal
Ru
Sif Muna
Trog
Uskayaw
Vehumet
Wu Jian
Xom
Yredelemnul
Zin
The Shining One
Beogh
Jiyva
Lugonu


Message History

Confirm with . or Enter, or press ? or * to list all spells.
Aiming: Lee's Rapid Deconstruction (safe; 1% risk of failure)
Press: ? - help, Dir - move target, f - flying skull Fragment what (e.g. wall or brittle monster)?: a flying skull (wandering, hasn't noticed you)
The flying skull shatters!!
The flying skull is almost destroyed.
The blast of bone shards hits the vampire mosquito!!
The vampire mosquito is almost destroyed.
The blast of bone shards hits the vampire mosquito!!!
You destroy the vampire mosquito!
Vehumet accepts your kill.
You feel your power returning. The vampire mosquito bites you!
The vampire mosquito draws strength from your injuries!
The vampire mosquito bites you!
The vampire mosquito draws strength from your injuries!
Your Stealth skill increases to level 6!
Unknown command.
Unknown command.
Drop what? 11/52 slots (_ for help) (? for menu, Esc to quit)
Okay, then.
Casting: Lee's Rapid Deconstruction (safe; 1% risk of failure)
Confirm with . or Enter, or press ? or * to list all spells.
Aiming: Lee's Rapid Deconstruction (safe; 1% risk of failure)
Press: ? - help, Dir - move target, f/p - flying skull Fragment what (e.g. wall or brittle monster)?: a flying skull (almost destroyed)
The flying skull shatters!!
You blow up the flying skull!
Vehumet accepts your kill.
You feel your power returning.
The blast of bone shards hits the vampire mosquito!
You destroy the vampire mosquito!
Vehumet accepts your kill.
You feel your power returning. The vampire mosquito misses you.
The guardian serpent coils itself and waves its upper body at you.
The bolt of poison hits the vampire mosquito.
The vampire mosquito completely resists.
The bolt of poison hits you!!
You are poisoned.
Ouch! That really hurt!
You die...

#.#####'#####...<...#
#.#..[))...##.......#
#.#..[)))..##.......#
#'###########.......#
#.......#.)##########
#.......#)# ###
#...#...#)# ...#
#.)###..#'#....#
#.).#...#@y.†.†+
#.......#'#.S..#
#.......÷.# ...#
########### ###


You could see a guardian serpent and a vampire mosquito.

Vanquished Creatures
  A flayed ghost (D)
  A flying skull (D)
  2 fire bats (D)
  2 vampire mosquitoes (D)
  Duvessa (D)
  An ogre (D)
  A wolf (D)
  A gnoll sergeant (D)
  A scorpion (D)
  Dowan (D)
  A hound (D)
  An orc priest (D)
  4 gnolls (D)
  A river rat (D)
  3 orcs (D)
  A ball python (D)
  3 goblins (D)
  A quokka (D)
  2 bats (D)
  A frilled lizard (D)
30 creatures vanquished.

Notes
Turn   | Place    | Note
-------+----------+-------------------------------------------
     0 | D        | mhtbhm the Deep Elf Earth Elementalist began the quest for
                  | the Orb.
     0 | D        | Reached XP level 1. HP: 10/10 MP: 6/6
    54 | D        | Found a bloodstained altar of Trog.
    54 | D        | Found a shimmering blue altar of Sif Muna.
    54 | D        | Found a viscous altar of Jiyva.
    54 | D        | Found a hazy altar of Hepliaklqana.
    54 | D        | Found an opulent altar of Gozag.
    55 | D        | Found a glowing golden altar of the Shining One.
    55 | D        | Found a glowing silver altar of Zin.
    55 | D        | Found a basalt altar of Yredelemnul.
    55 | D        | Found a shimmering altar of Xom.
    55 | D        | Found an ornate altar of the Wu Jian Council.
    55 | D        | Found a sacrificial altar of Ru.
    55 | D        | Found a stormy altar of Qazlal.
    55 | D        | Found an iron altar of Okawaru.
    55 | D        | Found a sparkling altar of Nemelex Xobeh.
    55 | D        | Found a burning altar of Makhleb.
    55 | D        | Found a blossoming altar of Fedhas.
    55 | D        | Found a white marble altar of Elyvilon.
    55 | D        | Found a shadowy altar of Dithmenos.
    55 | D        | Found a snail-covered altar of Cheibriados.
    57 | D        | Found a radiant altar of Vehumet.
    57 | D        | Found a corrupted altar of Lugonu.
    58 | D        | Found a hide-covered altar of Uskayaw.
    58 | D        | Found an ancient bone altar of Kikubaaqudgha.
    58 | D        | Found a broken altar of Ashenzari.
    65 | D        | Became a worshipper of Vehumet
   101 | D        | Noticed a scorpion
   104 | D        | Killed a scorpion
   105 | D        | Reached skill level 5 in Spellcasting
   105 | D        | Reached XP level 2. HP: 15/15 MP: 3/10
   105 | D        | Reached XP level 3. HP: 19/19 MP: 3/11
   108 | D        | Learned a level 2 spell: Passwall
   112 | D        | Learned a level 3 spell: Stone Arrow
   172 | D        | Reached * piety under Vehumet
   172 | D        | Offered knowledge of Magic Dart by Vehumet.
   186 | D        | Noticed Dowan
   188 | D        | Killed Dowan
   188 | D        | Reached ** piety under Vehumet
   189 | D        | Reached XP level 4. HP: 24/24 MP: 10/14
   192 | D        | Noticed Duvessa
   236 | D        | Killed Duvessa
   237 | D        | Reached skill level 5 in Dodging
   237 | D        | Reached skill level 10 in Earth Magic
   237 | D        | Reached XP level 5. HP: 16/28 MP: 9/18
   471 | D        | Learned a level 5 spell: Lee's Rapid Deconstruction
   476 | D        | Learned a level 4 spell: Petrify
   496 | D        | Offered knowledge of Freeze by Vehumet.
   622 | D        | Noticed a wolf
   623 | D        | Reached *** piety under Vehumet
   623 | D        | Killed a wolf
   624 | D        | Reached skill level 5 in Stealth
   624 | D        | Reached XP level 6. HP: 32/32 MP: 13/20
   625 | D        | Reached skill level 10 in Spellcasting
   626 | D        | Reached **** piety under Vehumet
   626 | D        | Offered knowledge of Poisonous Vapours by Vehumet.
   655 | D        | Reached skill level 1 in Staves
   794 | D        | Noticed a fire bat
   798 | D        | Killed a fire bat
   798 | D        | Offered knowledge of Sticky Flame by Vehumet.
   798 | D        | Reached ***** piety under Vehumet
   799 | D        | Reached XP level 7. HP: 14/37 MP: 20/24
   989 | D        | Learned a level 4 spell: Sticky Flame
  1010 | D        | Offered knowledge of Inner Flame by Vehumet.
  1033 | D        | Noticed a flayed ghost
  1036 | D        | Killed a flayed ghost
  1037 | D        | Reached skill level 1 in Fighting
  1037 | D        | Reached XP level 8. HP: 21/43 MP: 14/27
  1295 | D        | Offered knowledge of Iron Shot by Vehumet.
  1358 | D        | Noticed a flying skull
  1358 | D        | Noticed a guardian serpent
  1360 | D        | Killed a flying skull
  1360 | D        | Killed from afar by a guardian serpent

Illustrated notes

Levels and vault maps discovered:
D:        pitsprint [storerooms_1, entrance_room_1, metal_vault_3, armoury_1,
          mini_pit_1, grid_room_1, main_hall_1, silver_pit, the_coven_2,
          the_vestibule_1, steel_vault_4, golden_pit, hallway_of_sentries,
          crystal_vault_1, iron_vault_4, final_vault]

Skill      XL: |  1  2  3  4  5  6  7  8 |
---------------+-------------------------+-----
Dodging        | 3 4 5 6 |  6.1
Stealth        | 3 4 5 6 |  6.0
Spellcasting   | 5 6 8 9 12 13 14 | 14.6
Earth Magic    | 7 8 10 12 13 14 | 14.2
Staves         | 1 |  1.5
Fighting       | 1 |  1.5
Transmutations | |  1.4

Action                   |  1- 3 |  4- 6 |  7- 9 || total
-------------------------+-------+-------+-------++-------
Melee: Quarterstaff      |       |     1 |       ||     1
       Dagger            |       |     1 |       ||     1
 Cast: Sandblast         |    10 |    16 |       ||    26
       Stone Arrow       |       |     1 |       ||     1
       Lee's Rapid Decon |       |     4 |     7 ||    11
  Use: Potion            |       |     2 |       ||     2
 Stab: Distracted        |       |     1 |       ||     1
Dodge: Dodged            |     1 |     8 |     1 ||    10

Table legend: (Time is in decaauts)
 A = Elapsed time spent in this place.
 B = Non-inter-level travel time spent in this place.
 C = Inter-level travel time spent in this place.
 D = Time resting spent in this place.
 E = Time spent auto-exploring this place.
 F = Levels seen in this place.
 G = Mean time per level.
                   A        B        C        D        E       F      G
               +--------+--------+--------+--------+--------+-----+--------+
         Total |   1346 |   1346 |      0 |   1019 |     26 |   1 | 1346.0 |
       Dungeon |   1346 |   1346 |      0 |   1019 |     26 |   1 | 1346.0 |
               +--------+--------+--------+--------+--------+-----+--------+

Top non-repeatable levels by time:
       D: 1346 daAuts
